 Dungeon Crawl Stone Soup version 0.31-a0-408-gb642c7f9a3 (webtiles) character file.

Game seed: 6923636569449796676

101 Vomitron the Sneak (level 4, 0/27 HPs)
             Began as an Octopode Earth Elementalist on July 30, 2023.
             Fell down a flight of stairs (1 damage)
             ... on level 3 of the Dungeon.
             The game lasted 00:02:55 (1545 turns).

Vomitron the Sneak (Octopode Earth Elementalist)    Turns: 1545, Time: 00:02:55

Health: 0/27       AC:  1    Str:  7    XL:     4   Next: 75%
Magic:  3/7        EV: 13    Int: 17    God:
Gold:   59         SH:  0    Dex: 14    Spells: 4/8 levels left

rFire   . . .        g - +4 dagger
rCold   . . .        (no shield)
rNeg    . . .        (helmet restricted)
rPois   .            i - amulet of faith
rElec   .            (no ring)
rCorr   .            (no ring)
SInv    .            (no ring)
Will    .....        (no ring)
Stlth   ++           (no ring)
HPRegen 0.24/turn    (no ring)
MPRegen 0.10/turn    (no ring)
                     (no ring)

%: faith
@: confused
A: almost no armour, amphibious, 8 rings, camouflage 1, gelatinous body 1,
(nimble swimmer 1), tentacles
a: no special abilities


You were on level 3 of the Dungeon.
You visited 1 branch of the dungeon, and saw 3 of its levels.

You collected 59 gold pieces.

Inventory:

Hand Weapons
 b - a +0 short sword
 g - a +4 dagger (weapon)
Missiles
 d - 5 poisoned darts
Armour
 h - a +2 buckler
Jewellery
 i - an amulet of faith (around mantle)
Scrolls
 c - 2 scrolls of blinking {unknown}
 f - a scroll of teleportation {unknown}
 j - a scroll of enchant weapon {unknown}
 k - a scroll of enchant armour {unknown}
Potions
 a - a potion of magic
 e - 2 potions of haste {unknown}
 l - 2 potions of heal wounds {unknown}
 m - a potion of attraction {unknown}


   Skills:
 - Level 2.2 Dodging
 + Level 3.9 Stealth
 + Level 1.1 Shields
 + Level 2.6 Spellcasting
 - Level 1.4 Transmutations
 * Level 3.9 Earth Magic


You had 4 spell levels left.
You knew the following spells:

 Your Spells              Type           Power      Damage    Failure   Level
a - Sandblast             Erth           30%        2d9       3%          1
b - Stone Arrow           Conj/Erth      16%        3d8       24%         3

Your spell library contained the following spells:

 Spells                   Type           Power      Damage    Failure   Level
 Passwall                 Tmut/Erth      9%         N/A       9%          2
 Tukima's Dance           Hex            2%         N/A       50%         3
 Petrify                  Tmut/Erth      11%        N/A       52%         4
 Passage of Golubria      Tloc           2%         N/A       88%         4
 Yara's Violent Unravell  Hex/Tmut       2%         3d3       98%         5


Dungeon Overview and Level Annotations

Branches:
Dungeon (3/15)

Altars:


Innate Abilities, Weirdness & Mutations

You cannot wear most types of armour.
You are amphibious.
You can wear up to eight rings at the same time.
Your skin changes colour to match your surroundings (Stealth+).
Your rubbery body absorbs attacks. (AC +1, EV +1)
((You are camouflaged when in or above water. (Stealth+)))
You have tentacles for arms and can constrict up to eight enemies at once.


Message History

Aiming: Sandblast (safe; 3% risk of failure)
Press: ? - help, Q - select action, (/) - cycle Shift-Dir - straight line, f - orc
Aim: an orc, wielding a +0 hand axe and wearing a +0 leather armour (asleep, 100% to hit)
The blast of sand hits the orc!
You kill the orc!
Aiming: Sandblast (safe; 3% risk of failure)
Press: ? - help, Q - select action, (/) - cycle Shift-Dir - straight line, f - giant cockroach
Aim: a giant cockroach (82% to hit)
The blast of sand hits the giant cockroach!
You kill the giant cockroach!
The orc shouts!
Unknown command.
Aiming: Sandblast (safe; 3% risk of failure)
Press: ? - help, Q - select action, (/) - cycle Shift-Dir - straight line, f - orc
Aim: an orc, wielding a +0 trident and wearing a +0 scale mail (84% to hit)
The blast of sand hits the orc but does no damage.
The orc wizard shouts!
Unknown command.
Unknown command.
Aiming: Sandblast (safe; 3% risk of failure)
Press: ? - help, Q - select action, (/) - cycle Shift-Dir - straight line, f/p - orc
Aim: an orc, wielding a +0 trident and wearing a +0 scale mail (84% to hit)
The blast of sand hits the orc but does no damage.
The orc hits you from afar with a +0 trident.
The orc wizard casts a spell at you. The puff of flame hits you!
The orc misses you.
Unknown command.
The orc hits you from afar with a +0 trident!
* * * LOW HITPOINT WARNING * * *
The orc wizard casts a spell at you.
You are confused.
In your confused state, you trip and fall back down the stairs.
* * * LOW HITPOINT WARNING * * *
The orc barely misses you.
Unknown command.
Unknown command.
The orc hits you from afar with a +0 trident.
* * * LOW HITPOINT WARNING * * *
In your confused state, you trip and fall back down the stairs.
You die...

#+# +# ##.#
#.#
##..##..###
..........
###.......##
....o..)...
#.......##
#.@o.....g
#....)....
#...#.....
##### ####


You could see an orc wizard, an orc and a hobgoblin (wandering).

Vanquished Creatures
  An adder (D:2)
  3 gnolls (D:2)
  3 dart slugs
  An orc (D:3)
  5 bats
  6 endoplasms
  4 giant cockroaches
  5 goblins
  6 hobgoblins
  4 jackals (D:1)
  A quokka (D:2)
  A ball python (D:2)
  2 frilled lizards
  6 kobolds
  3 rats (D:2)
51 creatures vanquished.

Notes
Turn   | Place    | Note
-------+----------+-------------------------------------------
     0 | D:1      | Vomitron the Octopode Earth Elementalist began the quest
                  | for the Orb.
     0 | D:1      | Reached XP level 1. HP: 11/11 MP: 3/3
   192 | D:1      | Reached XP level 2. HP: 17/17 MP: 5/5
   384 | D:1      | Reached XP level 3. HP: 20/21 MP: 6/6
  1091 | D:2      | Learned a level 3 spell: Stone Arrow
  1154 | D:2      | Reached XP level 4. HP: 26/27 MP: 4/7
  1163 | D:2      | Reached skill level 1 in Shields
  1544 | D:3      | HP: 1/27 [orc/+0 trident (2)]
  1545 | D:3      | Fell down a flight of stairs

Illustrated notes

Levels and vault maps discovered:
D:1:      wander_arrival_peaceful_grave, layout_basic, serial_bayou_pond_e,
          feat_on_display
D:2:      layout_basic
D:3:      layout_basic, nicolae_overflow_crystal_walls,
          chequers_temple_overflow_statue_of_worship,
          mainiacjoe_overflow_24_doors, nicolae_ru_awakened_eye,
          hellmonk_ecumenical_altar_pennies_from_heaven

Skill      XL: |  1  2  3  4 |
---------------+-------------+-----
Stealth        | 3 |  3.9
Shields        | 1 |  1.1
Dodging        | |  2.2
Spellcasting   | |  2.6
Transmutations | |  1.4
Earth Magic    | |  3.9

Action                     |  1- 3 |  4- 6 || total
---------------------------+-------+-------++-------
  Melee: Short sword       |     8 |       ||     8
         Constrict         |     5 |     2 ||     7
         Punch             |     1 |     1 ||     2
         Dagger            |    27 |    16 ||    43
         Tentacles         |     6 |     3 ||     9
   Cast: Sandblast         |    25 |     6 ||    31
   Stab: Sleeping          |     5 |     6 ||    11
 Armour: Skin              |     4 |       ||     4
  Dodge: Dodged            |    22 |     9 ||    31

Table legend: (Time is in decaauts)
 A = Elapsed time spent in this place.
 B = Non-inter-level travel time spent in this place.
 C = Inter-level travel time spent in this place.
 D = Time resting spent in this place.
 E = Time spent auto-exploring this place.
 F = Levels seen in this place.
 G = Mean time per level.
                   A        B        C        D        E       F      G
               +--------+--------+--------+--------+--------+-----+--------+
         Total |   1559 |   1511 |     48 |     37 |   1129 |   3 |  519.7 |
       Dungeon |   1559 |   1511 |     48 |     37 |   1129 |   3 |  519.7 |
               +--------+--------+--------+--------+--------+-----+--------+

Top non-repeatable levels by time:
     D:2: 893 daAuts
     D:1: 655 daAuts
     D:3: 9 daAuts
